TOP OF THE 1ST |
West Virginia Power batting - Pitching for Dayton Dragons : LHP Jason St. Clair
|
Pitching: LHP Jason St. Clair
|
|
Batting: RHB Chris McCoy
|
0-0: Ball 1-0: Ground out 5-3 (Groundball, 56, EV 98.1 MPH)
|
Batting: RHB Terrence Wilson
|
0-0: Ball 1-0: Foul Ball, location: 2F 1-1: Ball 2-1: Ball 3-1: SINGLE (Groundball, 5S, EV 63.8 MPH) (infield hit)
|
Batting: RHB Alain Marquet
|
0-0: Ball 1-0: Ball 2-0: Foul Ball, location: 2F 2-1: Ball 3-1: Foul Ball, location: 2F 3-2: Foul Ball, location: 2F 3-2: Base on Balls Terrence Wilson to second
|
Batting: RHB Jeff Edwards
|
0-0: Called Strike 0-1: Ball 1-1: Swinging Strike 1-2: Ball 2-2: Ball 3-2: Base on Balls Terrence Wilson to third Alain Marquet to second
|
Batting: LHB Joe Wise
|
0-0: Swinging Strike 0-1: Ball 1-1: Swinging Strike 1-2: Foul Ball, location: 2F 1-2: Ball 2-2: Ball 3-2: Base on Balls Terrence Wilson scores Alain Marquet to third Jeff Edwards to second
|
Batting: RHB Terry Sutherland
|
0-0: Ball 1-0: Foul Ball, location: 2F 1-1: Swinging Strike 1-2: Foul Ball, location: 2F 1-2: Strikes out swinging
|
Batting: RHB Rick Pittman
|
0-0: SINGLE (Line Drive, 89S, EV 94.4 MPH) Alain Marquet scores Jeff Edwards to third Joe Wise to second
|
Batting: RHB Tom Tate
|
0-0: Fly out, F4 (Popup, 4S, EV 79.4 MPH)
|
Top of the 1st over - 2 runs, 2 hits, 0 errors, 3 left on base; West Virginia 2 - Dayton 0 |
BOTTOM OF THE 1ST |
Dayton Dragons batting - Pitching for West Virginia Power : LHP Ben Buerck
|
Pitching: LHP Ben Buerck
|
|
Batting: RHB Jake Savell
|
0-0: Called Strike 0-1: Ball 1-1: Foul Ball, location: 2F 1-2: Ball 2-2: Foul Ball, location: 2F 2-2: Foul Ball, location: 2F 2-2: Foul Ball, location: 2F 2-2: Ball 3-2: Ground out 5-3 (Groundball, 25, EV 80.6 MPH)
|
Batting: LHB Leo Gomez
|
0-0: Ball 1-0: Ball 2-0: Ball 3-0: Called Strike 3-1: Foul Ball, location: 2F 3-2: Strikes out swinging
|
Batting: RHB Chris Zamora
|
0-0: Ball 1-0: Called Strike 1-1: Ball 2-1: Ball 3-1: Called Strike 3-2: Ground out 3-1 (Groundball, 34, EV 101.9 MPH)
|
Bottom of the 1st over - 0 runs, 0 hits, 0 errors, 0 left on base; West Virginia 2 - Dayton 0 |
TOP OF THE 2ND |
West Virginia Power batting - Pitching for Dayton Dragons : LHP Jason St. Clair
|
Batting: LHB Brandon Sarni
|
0-0: Ball 1-0: Ball 2-0: Ball 3-0: Base on Balls
|
Batting: RHB Chris McCoy
|
0-0: Swinging Strike 0-1: Called Strike 0-2: Grounds into double play, U3-6 (Groundball, 3L, EV 84.4 MPH)
|
Batting: RHB Terrence Wilson
|
0-0: Called Strike 0-1: Swinging Strike 0-2: Ball 1-2: Ball 2-2: Foul Ball, location: 2F 2-2: Strikes out swinging
|
Top of the 2nd over - 0 runs, 0 hits, 0 errors, 0 left on base; West Virginia 2 - Dayton 0 |
BOTTOM OF THE 2ND |
Dayton Dragons batting - Pitching for West Virginia Power : LHP Ben Buerck
|
Batting: RHB Mark Williams
|
0-0: Called Strike 0-1: Called Strike 0-2: Ball 1-2: Foul Ball, location: 2F 1-2: Strikes out looking
|
Batting: RHB Juan Zamora
|
0-0: Foul Ball, location: 2F 0-1: Swinging Strike 0-2: Ball 1-2: Ball 2-2: Foul Ball, location: 2F 2-2: DOUBLE (Line Drive, 9LM, EV 105.0 MPH)
|
Batting: LHB Matt Kennedy
|
0-0: Ball 1-0: Ball 2-0: Called Strike 2-1: Foul Ball, location: 2F 2-2: Foul Ball, location: 2F 2-2: Ball 3-2: Foul Ball, location: 2F 3-2: Foul Ball, location: 2F 3-2: Strikes out swinging
|
Batting: RHB Ernie Maldonado
|
0-0: Ball 1-0: Ball 2-0: Ball 3-0: Base on Balls
|
Batting: LHB Chris Redhead
|
0-0: Ball 1-0: SINGLE (Line Drive, 78S, EV 95.0 MPH) Juan Zamora to third Ernie Maldonado to second
|
Batting: RHB Yutaka Sato
|
0-0: Called Strike 0-1: Called Strike 0-2: Strikes out looking
|
Bottom of the 2nd over - 0 runs, 2 hits, 0 errors, 3 left on base; West Virginia 2 - Dayton 0 |
TOP OF THE 3RD |
West Virginia Power batting - Pitching for Dayton Dragons : LHP Jason St. Clair
|
Batting: RHB Alain Marquet
|
0-0: Ball 1-0: Foul Ball, location: 2F 1-1: Swinging Strike 1-2: Foul Ball, location: 2F 1-2: Ball 2-2: Ball 3-2: Foul Ball, location: 2F 3-2: SINGLE (Line Drive, 9LS, EV 88.1 MPH)
|
Batting: RHB Jeff Edwards
|
0-0: Swinging Strike 0-1: Foul Ball, location: 2F 0-2: Foul Ball, location: 2F 0-2: Foul Ball, location: 2F 0-2: Ball 1-2: Ball 2-2: Strikes out swinging
|
Batting: LHB Joe Wise
|
0-0: SINGLE (Groundball, 4MD, EV 102.5 MPH) Alain Marquet to second Runner from 2nd tries for 3rd, SAFE, throw by CF made at trailing runner, OUT! 8-6
|
Batting: RHB Terry Sutherland
|
0-0: Fly out, F9 (Flyball, 89S, EV 86.2 MPH)
|
Top of the 3rd over - 0 runs, 2 hits, 0 errors, 1 left on base; West Virginia 2 - Dayton 0 |
BOTTOM OF THE 3RD |
Dayton Dragons batting - Pitching for West Virginia Power : LHP Ben Buerck
|
Batting: RHB Jake Savell
|
0-0: Ground out 4-3 (Groundball, 4, EV 91.9 MPH)
|
Batting: LHB Leo Gomez
|
0-0: SOLO HOME RUN (Line Drive, 9LD, EV 96.2 MPH), Distance : 336 ft
|
Batting: RHB Chris Zamora
|
0-0: DOUBLE (Groundball, 5L, EV 107.5 MPH)
|
Batting: RHB Mark Williams
|
0-0: Called Strike 0-1: Called Strike 0-2: Ball 1-2: SINGLE (Groundball, 6MD, EV 97.5 MPH) Chris Zamora to third
|
Batting: RHB Juan Zamora
|
0-0: SINGLE (Groundball, 3D, EV 100.6 MPH) Chris Zamora scores Mark Williams to second Runner from 2nd tries for 3rd, SAFE, throw by RF made to third Juan Zamora to second
|
Batting: LHB Matt Kennedy
|
0-0: Foul Ball, location: 2F 0-1: Foul Ball, location: 2F 0-2: Strikes out looking
|
Batting: RHB Ernie Maldonado
|
0-0: Ball 1-0: Ball 2-0: Swinging Strike 2-1: Called Strike 2-2: Strikes out looking and he ARGUES THE CALL AND IS TOSSED!
|
Bottom of the 3rd over - 2 runs, 4 hits, 0 errors, 2 left on base; West Virginia 2 - Dayton 2 |
TOP OF THE 4TH |
West Virginia Power batting - Pitching for Dayton Dragons : LHP Jason St. Clair
|
Now at C: Aaron Barraza
|
|
Batting: RHB Rick Pittman
|
0-0: Ball 1-0: Called Strike 1-1: Foul Ball, location: 2F 1-2: Ball 2-2: Ground out 5-3 (Groundball, 56S, EV 66.2 MPH)
|
Batting: RHB Tom Tate
|
0-0: Ball 1-0: Reached on error, E5 (Groundball, 56S, EV 85.6 MPH)
|
Batting: LHB Brandon Sarni
|
0-0: Ground out U3 (Groundball, 34S, EV 86.9 MPH) Tom Tate to third
|
Batting: RHB Chris McCoy
|
0-0: Ball 1-0: Foul Ball, location: 2F 1-1: Foul Ball, location: 2F 1-2: Foul Ball, location: 2F 1-2: DOUBLE (Line Drive, 89M, EV 111.2 MPH) Tom Tate scores
|
Batting: RHB Terrence Wilson
|
0-0: Ball 1-0: Ball 2-0: Foul Ball, location: 2F 2-1: Fly out, F9 (Flyball, 9, EV 73.1 MPH)
|
Top of the 4th over - 1 run, 1 hit, 1 error, 1 left on base; West Virginia 3 - Dayton 2 |
BOTTOM OF THE 4TH |
Dayton Dragons batting - Pitching for West Virginia Power : LHP Ben Buerck
|
Batting: LHB Chris Redhead
|
0-0: Swinging Strike 0-1: Swinging Strike 0-2: Foul Ball, location: 2F 0-2: Fly out, F9 (Flyball, 89D, EV 100.0 MPH)
|
Batting: RHB Yutaka Sato
|
0-0: Called Strike 0-1: Ground out 5-3 (Groundball, 5, EV 107.5 MPH)
|
Batting: RHB Jake Savell
|
0-0: Swinging Strike 0-1: SINGLE (Groundball, 56S, EV 71.2 MPH) (infield hit)
|
Batting: LHB Leo Gomez
|
0-0: Called Strike 0-1: Ball Jake Savell is caught stealing 2nd base 2-6
|
Bottom of the 4th over - 0 runs, 1 hit, 0 errors, 0 left on base; West Virginia 3 - Dayton 2 |
TOP OF THE 5TH |
West Virginia Power batting - Pitching for Dayton Dragons : LHP Jason St. Clair
|
Batting: RHB Alain Marquet
|
0-0: Ball 1-0: Swinging Strike 1-1: Ball 2-1: Called Strike 2-2: Foul Ball, location: 2F 2-2: Strikes out swinging
|
Batting: RHB Jeff Edwards
|
0-0: Ground out 1-3 (Groundball, 13, EV 67.5 MPH)
|
Batting: LHB Joe Wise
|
0-0: Ball 1-0: DOUBLE (Line Drive, 78D, EV 110.0 MPH)
|
Batting: RHB Terry Sutherland
|
0-0: Ball 1-0: Ball 2-0: Ground out 1-3 (Groundball, P, EV 66.9 MPH)
|
Top of the 5th over - 0 runs, 1 hit, 0 errors, 1 left on base; West Virginia 3 - Dayton 2 |
BOTTOM OF THE 5TH |
Dayton Dragons batting - Pitching for West Virginia Power : LHP Ben Buerck
|
Batting: LHB Leo Gomez
|
0-0: Called Strike 0-1: Foul Ball, location: 2F 0-2: Strikes out looking
|
Batting: RHB Chris Zamora
|
0-0: Called Strike 0-1: Swinging Strike 0-2: Ball 1-2: Ball 2-2: Strikes out swinging
|
Batting: RHB Mark Williams
|
0-0: Called Strike 0-1: Ball 1-1: Ball 2-1: DOUBLE (Flyball, 8RXD, EV 91.9 MPH)
|
Batting: RHB Juan Zamora
|
0-0: Called Strike 0-1: Called Strike 0-2: Ground out 4-3 (Groundball, 4, EV 88.8 MPH)
|
Bottom of the 5th over - 0 runs, 1 hit, 0 errors, 1 left on base; West Virginia 3 - Dayton 2 |
TOP OF THE 6TH |
West Virginia Power batting - Pitching for Dayton Dragons : LHP Jason St. Clair
|
Pitching: RHP Amador Sadaba
|
|
Batting: RHB Rick Pittman
|
0-0: Called Strike 0-1: Ball 1-1: Ball 2-1: Ball 3-1: Base on Balls
|
Batting: RHB Tom Tate
|
0-0: Ball 1-0: Called Strike 1-1: Ball 2-1: Called Strike 2-2: Ball Wild Pitch! Rick Pittman to second 3-2: Foul Ball, location: 2F 3-2: SINGLE (Groundball, 6MD, EV 98.8 MPH) Rick Pittman to third Runner from 3rd tries for Home, SAFE, throw by CF to home
|
Batting: LHB Brandon Sarni
|
0-0: Foul Ball, location: 2F 0-1: Fly out, F7 (Flyball, 7, EV 91.2 MPH)
|
Batting: RHB Chris McCoy
|
0-0: Foul Ball, location: 2F 0-1: Fielders Choice at 2nd, 5-4 (Groundball, 56, EV 76.9 MPH)
|
Batting: RHB Terrence Wilson
|
0-0: Ball 1-0: Ball 2-0: Called Strike 2-1: Ground out 5-3 (Groundball, 5S, EV 73.8 MPH)
|
Top of the 6th over - 1 run, 1 hit, 0 errors, 1 left on base; West Virginia 4 - Dayton 2 |
BOTTOM OF THE 6TH |
Dayton Dragons batting - Pitching for West Virginia Power : LHP Ben Buerck
|
Pitching: RHP Nelson Villalva
|
|
Batting: LHB Matt Kennedy
|
0-0: Called Strike 0-1: Fly out, F6 (Line Drive, 56, EV 67.5 MPH)
|
Batting: RHB Aaron Barraza
|
0-0: Ball 1-0: Ground out U3 (Groundball, 3S, EV 84.4 MPH)
|
Batting: LHB Chris Redhead
|
0-0: Ball 1-0: Ball 2-0: Ground out 4-3 (Groundball, 13, EV 80.0 MPH)
|
Bottom of the 6th over - 0 runs, 0 hits, 0 errors, 0 left on base; West Virginia 4 - Dayton 2 |
TOP OF THE 7TH |
West Virginia Power batting - Pitching for Dayton Dragons : RHP Amador Sadaba
|
Batting: RHB Alain Marquet
|
0-0: Ball 1-0: Ball 2-0: Ball 3-0: Called Strike 3-1: Foul Ball, location: 2F 3-2: SINGLE (Line Drive, 5L, EV 102.5 MPH)
|
Batting: RHB Jeff Edwards
|
0-0: Ball 1-0: Called Strike 1-1: Ball 2-1: Ball 3-1: Hit by Pitch Alain Marquet to second
|
Batting: LHB Joe Wise
|
0-0: Ball 1-0: Ball 2-0: Grounds into double play, U6-3 (Groundball, 4MS, EV 90.0 MPH) Alain Marquet to third
|
Batting: RHB Terry Sutherland
|
0-0: Ball 1-0: Ground out 4-3 (Groundball, 4, EV 101.9 MPH)
|
Top of the 7th over - 0 runs, 1 hit, 0 errors, 1 left on base; West Virginia 4 - Dayton 2 |
BOTTOM OF THE 7TH |
Dayton Dragons batting - Pitching for West Virginia Power : RHP Nelson Villalva
|
Pinch Hitting: LHB Ray Walden
|
0-0: Ball 1-0: Ball 2-0: Ball 3-0: Base on Balls
|
Batting: RHB Jake Savell
|
0-0: Ball 1-0: Foul Ball, location: 2F 1-1: Foul Ball, location: 2F 1-2: Strikes out swinging
|
Batting: LHB Leo Gomez
|
0-0: Ball 1-0: Called Strike 1-1: Called Strike 1-2: Ball 2-2: Foul Ball, location: 2F 2-2: SINGLE (Groundball, 6S, EV 70.0 MPH) (infield hit) Ray Walden to second
|
Batting: RHB Chris Zamora
|
0-0: Foul Ball, location: 2F 0-1: Foul Ball, location: 2F 0-2: Foul Ball, location: 2F 0-2: Strikes out swinging
|
Pinch Hitting: LHB Jeremy Robertson
|
0-0: Called Strike 0-1: Ground out 1-3 (Groundball, 13S, EV 70.6 MPH)
|
Bottom of the 7th over - 0 runs, 1 hit, 0 errors, 2 left on base; West Virginia 4 - Dayton 2 |
TOP OF THE 8TH |
West Virginia Power batting - Pitching for Dayton Dragons : RHP Amador Sadaba
|
Pitching: RHP Jalen Patterson
|
|
Now at 2B: Jeremy Robertson
|
|
Now at SS: Andy Bachman
|
|
Batting: RHB Rick Pittman
|
0-0: Ball 1-0: Called Strike 1-1: Ball 2-1: Called Strike 2-2: Fly out, F4 (Line Drive, 4, EV 66.2 MPH)
|
Batting: RHB Tom Tate
|
0-0: Fly out, F8 (Flyball, 8LM, EV 93.1 MPH)
|
Batting: LHB Brandon Sarni
|
0-0: Called Strike 0-1: Ball 1-1: SINGLE (Flyball, 6D, EV 93.8 MPH)
|
Batting: RHB Chris McCoy
|
0-0: Ground out 4-3 (Groundball, 34S, EV 88.1 MPH)
|
Top of the 8th over - 0 runs, 1 hit, 0 errors, 1 left on base; West Virginia 4 - Dayton 2 |
BOTTOM OF THE 8TH |
Dayton Dragons batting - Pitching for West Virginia Power : RHP Nelson Villalva
|
Pitching: LHP Grady Hebert
|
|
Batting: RHB Juan Zamora
|
0-0: Called Strike 0-1: Ball 1-1: Foul Ball, location: 2F 1-2: Foul Ball, location: 2F 1-2: Foul Ball, location: 2F 1-2: Ball 2-2: Ball 3-2: Fly out, F7 (Flyball, 7D, EV 93.1 MPH)
|
Batting: LHB Matt Kennedy
|
0-0: Foul Ball, location: 2F 0-1: Ball 1-1: Ball 2-1: Ball 3-1: Foul Ball, location: 2F 3-2: Base on Balls
|
Batting: RHB Aaron Barraza
|
0-0: Ball 1-0: Foul Ball, location: 2F 1-1: Ball 2-1: Ball 3-1: Foul Ball, location: 2F 3-2: Foul Ball, location: 2F 3-2: Fielders Choice at 2nd, 5-4 (Groundball, 56, EV 108.8 MPH)
|
Batting: LHB Chris Redhead
|
0-0: Called Strike 0-1: SINGLE (Line Drive, 3D, EV 100.0 MPH) Aaron Barraza to second Runner from 2nd tries for 3rd, SAFE, throw by RF made to third
|
Batting: RHB Andy Bachman
|
0-0: Ball 1-0: Ball 2-0: Ball 3-0: Called Strike 3-1: Foul Ball, location: 2F 3-2: Base on Balls Chris Redhead to second
|
Batting: RHB Jake Savell
|
0-0: Foul Ball, location: 2F 0-1: Foul Ball, location: 2F 0-2: Ball 1-2: Strikes out swinging
|
Bottom of the 8th over - 0 runs, 1 hit, 0 errors, 3 left on base; West Virginia 4 - Dayton 2 |
TOP OF THE 9TH |
West Virginia Power batting - Pitching for Dayton Dragons : RHP Jalen Patterson
|
Batting: RHB Terrence Wilson
|
0-0: Called Strike 0-1: Ball 1-1: Ball 2-1: Swinging Strike 2-2: SINGLE (Line Drive, 6D, EV 100.0 MPH)
|
Batting: RHB Alain Marquet
|
0-0: Ball Terrence Wilson steals 2nd base 1-0: Intentional Walk
|
Batting: RHB Jeff Edwards
|
0-0: Fielders Choice at 2nd, 3-6 (Groundball, 34, EV 88.8 MPH) Terrence Wilson to third
|
Batting: LHB Joe Wise
|
0-0: Called Strike 0-1: Fielders Choice at 2nd, 4-6 (Groundball, 4MD, EV 85.6 MPH) Terrence Wilson scores
|
Batting: RHB Terry Sutherland
|
0-0: Swinging Strike 0-1: Called Strike 0-2: Strikes out looking
|
Top of the 9th over - 1 run, 1 hit, 0 errors, 1 left on base; West Virginia 5 - Dayton 2 |
BOTTOM OF THE 9TH |
Dayton Dragons batting - Pitching for West Virginia Power : LHP Grady Hebert
|
Pitching: RHP Joe Simanton
|
|
Batting: LHB Leo Gomez
|
0-0: Ball 1-0: Ball 2-0: Called Strike 2-1: Ball 3-1: Swinging Strike 3-2: Strikes out swinging
|
Batting: RHB Chris Zamora
|
0-0: Ground out 6-3 (Groundball, 6, EV 83.1 MPH)
|
Batting: LHB Jeremy Robertson
|
0-0: Ball 1-0: Ball 2-0: Foul Ball, location: 2F 2-1: SINGLE (Groundball, 6M, EV 106.2 MPH) (infield hit)
|
Batting: RHB Juan Zamora
|
0-0: Called Strike 0-1: Fielders Choice at 2nd, U6 (Groundball, 6M, EV 106.2 MPH)
|
Bottom of the 9th over - 0 runs, 1 hit, 0 errors, 1 left on base; West Virginia 5 - Dayton 2 |
|